 Dungeon Crawl Stone Soup version 0.20-a0-785-g17250f0 (webtiles) character file.

747 Gorglomux the Slinger (level 8, -10/51 HPs)
             Began as a Halfling Hunter on Feb 27, 2017.
             Was a Follower of Okawaru.
             Mangled by Pikel
             ... wielding a +1 whip of electrocution
              (11 damage)
             ... on level 4 of the Dungeon.
             The game lasted 00:08:08 (3969 turns).

Gorglomux the Slinger (Halfling Hunter)             Turns: 3969, Time: 00:08:09

Health: -10/51     AC:  4    Str: 13    XL:     8   Next: 6%
Magic:  7/8        EV: 14    Int:  9    God:    Okawaru [*.....]
Gold:   284        SH:  0    Dex: 17    Spells: 7/7 levels left

rFire    . . .     SeeInvis .   a - +1 hunting sling
rCold    . . .     Gourm    .   c - +0 leather armour
rNeg     + . .     Faith    .   (shield restricted)
rPois    .         Spirit   .   s - +0 helmet (curse)
rElec    .         Reflect  .   (no cloak)
rCorr    .         Harm     .   (no gloves)
MR       .....     Rnd*Tele +   (no boots)
Stlth    ++........             (no amulet)
Regen    0.2/turn               r - ring of positive energy (curse)
MPRegen  0.2/turn               t - ring of teleportation (curse)

@: no status effects
A: mutation resistance 1
a: Heroism, Renounce Religion


You were on level 4 of the Dungeon.
You worshipped Okawaru.
Okawaru was aware of your devotion.
You were not hungry.

You visited 1 branch of the dungeon, and saw 5 of its levels.

You collected 284 gold pieces.

Inventory:

Hand Weapons
 a - a +1 hunting sling (weapon)
 b - a +0 short sword
Missiles
 g - 42 stones (quivered)
Armour
 c - a +0 leather armour (worn)
 s - a cursed +0 helmet (worn)
Jewellery
 p - a +2 ring of dexterity
 r - a cursed ring of positive energy (right hand)
 t - a cursed ring of teleportation (left hand)
Wands
 O - a wand of clouds (2/9)
Scrolls
 i - a scroll of magic mapping {unknown}
 o - a scroll of blinking {unknown}
 x - a scroll of teleportation {unknown}
 P - a scroll of fear {unknown}
 S - a scroll of enchant weapon {unknown}
 U - a scroll of remove curse {unknown}
Potions
 j - a potion of cancellation {unknown}
 k - a potion of heal wounds
 l - 2 potions of curing
 m - 2 potions of flight
 n - 2 potions of brilliance
 u - a potion of agility {unknown}
 w - a potion of resistance {unknown}
Comestibles
 f - 4 bread rations
 T - 2 meat rations


   Skills:
 + Level 2.6 Fighting
 - Level 12.4 Slings
 - Level 2.1 Dodging
 - Level 1.1 Stealth


You had 7 spell levels left.
You didn't know any spells.

Dungeon Overview and Level Annotations

Branches:
Dungeon (5/15)
 Temple: D:4-7

Altars:
Okawaru
Sif Muna

Annotations:
D:4 Pikel


Innate Abilities, Weirdness & Mutations

You are small and have problems with some larger weapons.
You are somewhat resistant to further mutation.


Message History

You shoot a stone. The stone barely misses Pikel.
Pikel closely misses you.
Firing (i - inventory):
g - 45 stones (quivered)
Press: ? - help, Shift-Dir - straight line, f/p - Pikel
Aim: Pikel, wielding a whip of electrocution and wearing a robe (severely wounded)
You shoot a stone. The stone hits Pikel.
Pikel is almost dead.
Firing (i - inventory):
g - 44 stones (quivered)
Press: ? - help, Shift-Dir - straight line, f/p - Pikel
Aim: Pikel, wielding a whip of electrocution and wearing a robe (almost dead)
You shoot a stone. The stone hits Pikel.
Pikel is almost dead.
Pikel closely misses you.
Firing (i - inventory):
g - 43 stones (quivered)
Press: ? - help, Shift-Dir - straight line, f/p - Pikel
Aim: Pikel, wielding a whip of electrocution and wearing a robe (almost dead)
You shoot a stone. The stone completely misses Pikel.
Pikel hits you with a whip of electrocution.
* * * LOW HITPOINT WARNING * * *
You are electrocuted!
You die...

........# #.###...# # ........#
###.#.....# ###..##.####
##.....#####
##..#....########..#.##########
##..###.......................
##.# #####.............#####.
#.## ##.#.#####.##....... #..#
##...#.............# ##.###
#(K@...###...#######
#...####...#....###.#
#######.......#####.# #.#######
#.......####### #.###.#......
#.......# ##..##[..#####
#.......## #......###
#######..#########.####..###
##)......>...# #....####
############.#...# #.##...<.


You could see Pikel.

Vanquished Creatures
  Grinder (D:4)
  Duvessa (D:4)
  A slave (D:4)
  Dowan (D:4)
  A scorpion (D:3)
  A howler monkey (D:4)
  2 orc wizards (D:3)
  A centaur skeleton (D:5)
  A hound skeleton (D:4)
  4 gnolls (D:4)
  11 adders
  A worm (D:2)
  A dart slug (D:2)
  2 leopard geckos
  6 orcs
  4 giant cockroaches
  7 goblins
  6 hobgoblins
  4 jackals
  4 quokkas
  A ball python (D:2)
  14 bats
  6 frilled lizards
  10 kobolds
  8 rats
99 creatures vanquished.

Notes
Turn   | Place    | Note
-------+----------+-------------------------------------------
     0 | D:1      | Gorglomux the Halfling Hunter began the quest for the Orb.
     0 | D:1      | Reached XP level 1. HP: 14/14 MP: 1/1
    94 | D:1      | Reached skill level 6 in Slings
   191 | D:1      | Reached XP level 2. HP: 18/19 MP: 2/2
   818 | D:2      | Reached skill level 7 in Slings
   818 | D:2      | Reached XP level 3. HP: 24/24 MP: 3/3
  1132 | D:2      | Reached XP level 4. HP: 29/29 MP: 4/4
  1190 | D:2      | Reached skill level 8 in Slings
  1425 | D:2      | Found an iron altar of Okawaru.
  1442 | D:2      | Became a worshipper of Warmaster Okawaru
  1885 | D:3      | Reached XP level 5. HP: 27/34 MP: 5/5
  2066 | D:3      | Reached skill level 9 in Slings
  2394 | D:3      | Found a deep blue altar of Sif Muna.
  2409 | D:3      | Reached XP level 6. HP: 25/39 MP: 6/6
  2417 | D:3      | Reached skill level 10 in Slings
  2561 | D:4      | Noticed Duvessa
  2582 | D:4      | Killed Duvessa
  2582 | D:4      | Reached * piety under Okawaru
  2600 | D:4      | Noticed Dowan
  2881 | D:4      | Reached skill level 11 in Slings
  2881 | D:4      | Reached XP level 7. HP: 44/44 MP: 7/7
  2955 | D:4      | Killed Dowan
  3245 | D:4      | Noticed Grinder
  3252 | D:4      | Paralysed by Grinder for 6 turns
  3279 | D:4      | Killed Grinder
  3279 | D:4      | Reached skill level 12 in Slings
  3652 | D:5      | Entered Level 5 of the Dungeon
  3687 | D:5      | Noticed Pikel
  3812 | D:3      | Reached XP level 8. HP: 28/51 MP: 8/8
  3969 | D:4      | HP: 1/51 [Pikel/whip of electrocution (5)]
  3969 | D:4      | Mangled by Pikel

Vault maps used:
D:1:      dpeg_arrival_arbitrary_a, minmay_tripent
D:2:      overflow_temple_1_default
D:3:      led_sif_book
D:4:      uniq_duvessa, uniq_grinder
D:5:      gammafunk_temple_overflow_wave, first_bread, corexii_corridor_pit,
          kennysheep_opposing_triangles, uniq_pikel

Skill      XL: |  1  2  3  4  5  6  7 |
---------------+----------------------+-----
Slings         | 6 7 8 9 11 12 | 12.4
Fighting       | 2 |  2.6
Dodging        | |  2.1
Stealth        | |  1.1

Action                   |  1- 3 |  4- 6 |  7- 9 || total
-------------------------+-------+-------+-------++-------
Melee: Short sword       |    22 |       |       ||    22
 Fire: Hunting sling     |    78 |   219 |    99 ||   396
Invok: Heroism           |       |       |     4 ||     4
  Use: Scroll            |       |       |     3 ||     3
  Eat: Chunk             |     1 |     3 |     3 ||     7
       Royal jelly       |       |       |     1 ||     1
Armor: Leather armour    |    10 |    13 |     7 ||    30
Dodge: Dodged            |    25 |    38 |    32 ||    95
